 Dungeon Crawl Stone Soup version 0.25-a0-290-g4a1327ee3a (webtiles) character file.

Game seed: 8517992976510814766, levelgen mode: classic

362 Borgoz the Skirmisher (level 6, 0/39 HPs)
             Began as a Kobold Fighter on Dec 15, 2019.
             Succumbed to Dowan's poison
             ... on level 3 of the Dungeon.
             The game lasted 00:07:07 (4866 turns).

Borgoz the Skirmisher (Kobold Fighter)              Turns: 4866, Time: 00:07:08

Health: 0/39       AC:  5    Str: 15    XL:     6   Next: 99%
Magic:  8/8        EV: 11    Int: 10    God:
Gold:   75         SH:  9    Dex: 14    Spells: 8/8 levels left

rFire    + . .     SeeInvis .   a - +0 rapier
rCold    + . .     Gourm    .   c - +0 shield
rNeg     . . .     Faith    .   i - +0 ring mail
rPois    +         Spirit   .   (no helmet)
rElec    +         Reflect  .   (no cloak)
rCorr    +         Harm     .   (no gloves)
MR       .....                  (no boots)
Stlth    +.........             (no amulet)
HPRegen  0.13/turn              (no ring)
MPRegen  0.11/turn              (no ring)

@: lethally poisoned (0 -> -6), resistant, glowing
A: small, carnivore
a: no special abilities


You were on level 3 of the Dungeon.
You were completely stuffed.

You visited 1 branch of the dungeon, and saw 4 of its levels.

You collected 75 gold pieces.

Inventory:

Hand Weapons
 a - a +0 rapier (weapon)
Armour
 c - a +0 shield (worn)
 i - a +0 ring mail (worn)
Scrolls
 d - a scroll of blinking
 e - 2 scrolls of fog
 j - 3 scrolls of remove curse
 k - a scroll of teleportation
 l - a scroll of enchant weapon {unknown}
 m - 2 scrolls of identify
Potions
 g - a potion of brilliance
Comestibles
 f - 3 rations


   Skills:
 * Level 4.5 Fighting
 * Level 4.3 Short Blades
 * Level 3.4 Armour
 * Level 2.8 Dodging
 + Level 2.3 Stealth
 + Level 2.9 Shields
 + Level 1.7 Spellcasting


You had 8 spell levels left.
You didn't know any spells.
Your spell library was empty.

Dungeon Overview and Level Annotations

Branches:
Dungeon (4/15)
 Temple: D:4-7

Altars:

Annotations:
D:3 Dowan, Duvessa


Innate Abilities, Weirdness & Mutations

You are small and have problems with some larger weapons.
You are carnivorous and can eat meat at any time.


Message History

You feel strangely unstable.
You feel sick. You block Duvessa's attack.
Dowan hits you with a +0 dagger of venom.
You closely miss Duvessa.
Duvessa is severely wounded.
You feel sick.
Duvessa hits you with a +2 short sword of speed!
* * * LOW HITPOINT WARNING * * *
Dowan hits you but does no damage.
Duvessa hits you with a +2 short sword of speed!
* * * LOW HITPOINT WARNING * * *
Okay, then.
Okay, then.
Your shield and ring mail prevent you from hitting Duvessa.
Duvessa is severely wounded.
Your surroundings suddenly seem different.
* * * LOW HITPOINT WARNING * * *
You feel sick.
* * * LOW HITPOINT WARNING * * *
You feel sick.
You die...

###....e(.....###........#
##.e>......(###........#
##.....[[........###.##
#.........#.##....#.####
#......................# #
#.....)..[.....>.......### #
#........<##.............#
#####.........#####..#########
.....)..........@.##....##
#################........#
##########


There were no monsters in sight!

Vanquished Creatures
  3 orc priests (D:2)
  4 orc wizards
  5 adders
  3 worms (D:3)
  2 dart slugs
  2 leopard geckos
  16 orcs
  11 bats
  A giant cockroach (D:2)
  8 goblins
  14 hobgoblins
  6 jackals
  10 kobolds
  A quokka (D:2)
  2 frilled lizards
  10 rats
98 creatures vanquished.

Notes
Turn   | Place    | Note
-------+----------+-------------------------------------------
     0 | D:1      | Borgoz the Kobold Fighter began the quest for the Orb.
     0 | D:1      | Reached XP level 1. HP: 14/14 MP: 1/1
   110 | D:1      | Reached XP level 2. HP: 15/19 MP: 2/2
   600 | D:1      | Reached XP level 3. HP: 23/23 MP: 3/3
   751 | D:1      | Reached skill level 1 in Stealth
  1377 | D:2      | HP: 1/23 [kobold/+0 short sword (4)]
  1390 | D:2      | HP: 1/23 [giant cockroach (1)]
  1713 | D:2      | Reached XP level 4. HP: 29/29 MP: 4/4
  1734 | D:2      | Reached skill level 1 in Dodging
  1969 | D:2      | Reached skill level 1 in Spellcasting
  2446 | D:2      | Reached XP level 5. HP: 33/33 MP: 6/6
  3376 | D:2      | Reached XP level 6. HP: 31/38 MP: 7/7
  4830 | D:4      | Noticed Duvessa
  4830 | D:4      | Noticed Dowan
  4865 | D:3      | HP: 1/39 [poisoned by Dowan]
  4866 | D:3      | Succumbed to Dowan's poison

Levels and vault maps discovered:
D:1:      wheals_arrival_shading, layout_loops_corners
D:2:      layout_basic
D:3:      layout_rooms
D:4:      layout_cave_pools, serial_shops,
          nicolae_shop_competitors_out_of_business, portal_sewer_entry_e,
          first_ration, uniq_pikel, uniq_robin, uniq_crazy_yiuf_cottage,
          uniq_duvessa

Skill      XL: |  1  2  3  4  5  6 |
---------------+-------------------+-----
Short Blades   | 3 4 |  4.3
Stealth        | 1 2 |  2.3
Dodging        | 1 2 |  2.8
Armour         | 3 |  3.4
Spellcasting   | 1 |  1.7
Fighting       | 4 |  4.5
Shields        | |  2.9

Action                   |  1- 3 |  4- 6 || total
-------------------------+-------+-------++-------
Melee: Rapier            |   127 |   256 ||   383
Throw: Throwing net      |       |     2 ||     2
  Use: Scroll            |     3 |     8 ||    11
       Potion            |     1 |     4 ||     5
 Stab: Sleeping          |       |     2 ||     2
  Eat: Chunk             |    11 |    10 ||    21
Armor: Scale mail        |    89 |    43 ||   132
       Leather armour    |       |     9 ||     9
       Ring mail         |       |    26 ||    26
Dodge: Dodged            |    66 |   127 ||   193
Block: Shield            |    97 |   164 ||   261

Table legend:
 A = Non-vault XP
 B = Vault XP
 C = Vault XP percentage of total XP
 D = Non-vault monster count
 E = Vault monster count
 F = Vault count percentage of total count
                 A         B        C        D         E       F
            +---------+---------+-------+---------+---------+-------
      Total |     518 |       0 |   0.0 |      98 |       0 |   0.0
            +---------+---------+-------+---------+---------+-------
        D:1 |      51 |       0 |   0.0 |      31 |       0 |   0.0
        D:2 |     252 |       0 |   0.0 |      39 |       0 |   0.0
        D:3 |     215 |       0 |   0.0 |      28 |       0 |   0.0
            +---------+---------+-------+---------+---------+-------
